 Dungeon Crawl Stone Soup version 0.29.1-15-g9cfb28693d (webtiles) character file.

Game seed: 14294533477796112611

172 QwertyIsDirtey the Covered (level 5, 47/47 HPs)
             Began as a Minotaur Fighter on Mar 23, 2023.
             Quit the game on level 1 of the Dungeon.
             The game lasted 00:09:06 (1726 turns).

QwertyIsDirtey the Covered (Minotaur Fighter)       Turns: 1726, Time: 00:09:07

Health: 47/47      AC:  7    Str: 21    XL:     5   Next: 27%
Magic:  4/4        EV:  9    Int:  5    God:
Gold:   101        SH:  5    Dex: 11    Spells: 4/4 levels left

rFire   . . .      SeeInvis .   a - +0 long sword
rCold   . . .      Faith    .   c - +0 buckler
rNeg    . . .      Spirit   .   b - +0 scale mail
rPois   .          Reflect  .   (helmet restricted)
rElec   .          Harm     .   (no cloak)
rCorr   .          Rampage  .   (no gloves)
Will    .....                   (no boots)
Stlth   ..........              (no amulet)
HPRegen 0.15/turn               (no ring)
MPRegen 0.09/turn               (no ring)

@: mighty
A: horns 2, retaliatory headbutt
a: no special abilities


You were on level 1 of the Dungeon.
You visited 1 branch of the dungeon, and saw 2 of its levels.

You collected 101 gold pieces.

Inventory:

Hand Weapons
 a - a +0 long sword (weapon)
 h - a +0 club
 m - a +0 hand axe
 o - a +0 sling
 r - a +0 hand axe
 t - a +0 falchion of holy wrath
 u - a +0 mace
Armour
 b - a +0 scale mail (worn)
 c - a +0 buckler (worn)
 s - a +0 pair of gloves
 w - a +0 robe
Magical Staves
 q - a staff of air
Scrolls
 e - 2 scrolls of identify {unknown}
 p - a scroll of poison {unknown}
Potions
 f - a potion of lignification {unknown}
 g - a potion of flight {unknown}
 i - 2 potions of curing {unknown}
 j - 2 potions of heal wounds {unknown}
 k - a potion of attraction {unknown}
 l - a potion of cancellation {unknown}
 v - a potion of magic {unknown}
 x - a potion of mutation {unknown}


   Skills:
 + Level 4.6 Fighting
 + Level 3.2 Long Blades
 + Level 5.1 Armour
 + Level 0.6 Dodging
 + Level 0.3 Stealth
 + Level 4.8 Shields


You had 4 spell levels left.
You didn't know any spells.
Your spell library contained the following spells:

 Spells                   Type           Power      Damage    Failure   Level
 Summon Forest            Summ/Tloc      0%         N/A       100%        5
 Summon Mana Viper        Hex/Summ       0%         N/A       100%        5
 Summon Cactus Giant      Summ           0%         N/A       100%        6


Dungeon Overview and Level Annotations

Branches:
Dungeon (2/15)

Altars:


Innate Abilities, Weirdness & Mutations

You have a pair of horns on your head.
You reflexively headbutt those who attack you in melee.


Message History

a +0 scythe; a +0 robe You now have 101 gold pieces (gained 12).
Things that are here:
a +0 scythe; a +0 robe
Okay, then.
Things that are here:
a +0 scythe; a +0 robe
w - a +0 robe
Found a white potion.
x - a white potion
Found 3 stones.
You see here 3 stones.
There is a stone staircase leading up here.
You see here a hobgoblin skeleton.
You see here a hobgoblin skeleton.
There are no objects that can be picked up here. a hobgoblin skeleton
There is a stone staircase leading up here.
You can't go down here!
You climb upwards.
There is a stone staircase leading down here.
No target in view!
No target in view!
It was a potion of ambrosia.
You are confused.
You feel invigorated.
You bump into the rock wall.
You bump into the rock wall.
You're too confused to move!
Unknown command.
Unknown command.
Unknown command.
Unknown command.
Unknown command.
Unknown command.
Unknown command.
You feel less invigorated.
You feel less confused.
You feel very mighty all of a sudden.
Are you sure you want to abandon this character and quit the game? (Confirm with "yes".)

......#######.#..#.#.######## #.#
................>#.#.######## #.#
......#######.#..#........... #.#
......# #####.#..#........... #.#
......# .........#........... #.#
......# .........#........... #.#
......# ..................... #.#
......#######................ #.#
................@.............#.#
..............................#.#
#####............................
#########.....#...........#.#
#.#..##########...#.# #.#..# #.#
#.# ####### #.#..##### #.# #.#
......## #........######.###.#
.......# #...................#


There were no monsters in sight!

Vanquished Creatures
  Sigmund (D:2)
  A dart slug (D:1)
  4 endoplasms
  3 hobgoblins (D:2)
  2 ball pythons
  A frilled lizard (D:2)
12 creatures vanquished.

Notes
Turn   | Place    | Note
-------+----------+-------------------------------------------
     0 | D:1      | QwertyIsDirtey the Minotaur Fighter began the quest for the
                  | Orb.
     0 | D:1      | Reached XP level 1. HP: 19/19 MP: 0/0
  1320 | D:2      | Reached XP level 2. HP: 27/27 MP: 1/1
  1372 | D:2      | Reached skill level 4 in Armour
  1426 | D:2      | Found a faded altar of an unknown god.
  1504 | D:2      | Noticed Sigmund
  1513 | D:2      | Killed Sigmund
  1514 | D:2      | Reached skill level 5 in Armour
  1514 | D:2      | Reached XP level 3. HP: 34/34 MP: 2/2
  1514 | D:2      | Reached XP level 4. HP: 41/41 MP: 3/3
  1514 | D:2      | Reached XP level 5. HP: 47/47 MP: 4/4
  1726 | D:1      | Quit the game

Illustrated notes

Levels and vault maps discovered:
D:1:      wander_arrival_desolate, layout_basic, kennysheep_crisscross
D:2:      layout_loops_ring, ebering_ecumenical_altar_webs, uniq_sigmund

Skill      XL: |  1  2 |
---------------+-------+-----
Armour         | 5 |  5.1
Fighting       | 4 |  4.6
Long Blades    | 3 |  3.2
Shields        | 4 |  4.8
Dodging        | |  0.6
Stealth        | |  0.3

Action                   |  1- 3 |  4- 6 || total
-------------------------+-------+-------++-------
Melee: Long sword        |    30 |       ||    30
       Headbutt          |     7 |       ||     7
  Use: Potion            |     1 |     2 ||     3
Armor: Scale mail        |    17 |       ||    17
Dodge: Dodged            |    14 |       ||    14
Block: Buckler           |    10 |       ||    10
